Map: Moondance

Players

Gerald

  • Race: Protoss Protoss
  • Spawn Location: 6:00

ByuN - Winner!

  • Race: Terran Terran
  • Spawn Location: 12:00

Event: DreamHack SC2 Masters 2022 Atlanta (Offline)

VOD

Have the link to the VOD?

Description

Time

  • Played on: Nov. 18, 2022, 1:57 p.m.
  • Length: 11:44

All games in this series

Show
View Real Time Build Order
Export as new Build Order

Gerald Protoss 

Build Orders: 1 Gate Expand, Oracle Opening 

Get SALT Encoding   

  12  0:00  Probe  
  13  0:12  Probe  
  14  0:17  Pylon  
  14  0:24  Probe (Chrono Boost)  
  15  0:36  Probe (Chrono Boost)  
  15  0:38  Gateway  
  16  0:44  Probe (Chrono Boost)  
  16  0:47  Assimilator  
  17  0:51  Probe  
  18  1:03  Probe  
  19  1:15  Probe  
  20  1:23  Nexus  
  20  1:28  Probe  
  21  1:35  Cybernetics Core  
  21  1:40  Probe  
  21  1:44  Assimilator  
  22  1:52  Probe  
  23  1:55  Pylon  
  23  2:05  Probe  
  23  2:08  Pylon  
  23  2:11  Adept (Chrono Boost)  
  25  2:17  Probe  
  26  2:28  Stargate  
  26  2:29  Probe  
  27  2:32  Adept (Chrono Boost)  
  28  2:41  Probe  
  28  2:42  Probe  
  29  2:51  Warp Gate  
  29  2:53  Probe  
  29  2:54  Probe  
  31  3:01  Adept  
  33  3:06  Probe (Chrono Boost)  
  33  3:07  Probe (Chrono Boost)  
  33  3:10  Oracle (Chrono Boost)  
  38  3:19  Probe (Chrono Boost)  
  40  3:23  Probe (Chrono Boost)  
  40  3:26  Probe (Chrono Boost)  
  41  3:30  Probe  
  41  3:33  Probe  
  43  3:40  Oracle (Chrono Boost)  
  44  3:42  Probe  
  44  3:44  Shield Battery  
  44  3:45  Probe  
  44  3:54  Probe  
  44  3:55  Gateway  
  45  3:56  Gateway  
  45  3:57  Probe  
  46  4:05  Shield Battery  
  46  4:06  Probe  
  46  4:09  Probe  
  48  4:13  Assimilator  
  48  4:14  Oracle (Chrono Boost)  
  51  4:18  Probe  
  51  4:21  Probe  
  51  4:23  Pylon  
  53  4:25  Twilight Council  
  53  4:30  Probe  
  54  4:39  Nexus  
  54  4:40  Pylon  
  54  4:42  Probe  
  54  4:43  Probe  
  56  4:46  Stalker  
  57  4:54  Probe  
  57  4:55  Probe  
  57  4:56  Blink (Chrono Boost)  
  57  4:57  Pylon  
  59  5:04  Assimilator  
  59  5:06  Probe  
  60  5:07  Probe, Stalker  
  60  5:12  Pylon  
  63  5:16  Stalker  
  63  5:18  Probe  
  66  5:24  Probe  
  67  5:34  Probe  
  63  5:36  Probe  
  63  5:37  Stalker x2  
  68  5:43  Gateway  
  68  5:46  Probe  
  68  5:47  Stalker  
  68  5:48  Probe  
  72  5:53  Probe  
  73  5:58  Probe  
  73  6:00  Probe  
  75  6:05  Probe  
  75  6:07  Stalker x2  
  75  6:10  Probe  
  79  6:13  Probe  
  79  6:17  Gateway, Probe  
  81  6:19  Gateway  
  81  6:22  Gateway, Stalker, Probe  
  81  6:25  Probe  
  85  6:26  Forge  
  85  6:29  Templar Archives  
  85  6:32  Shield Battery  
  85  6:33  Stalker x2  
  85  6:35  Charge (Chrono Boost)  
  89  6:50  Stalker x2  
  91  6:58  Zealot x2  
  91  7:00  Probe  
  94  7:13  Stalker x3  
  94  7:22  Stalker x4  
  95  7:29  Pylon  
  101  7:30  Pylon  
  101  7:31  Probe  
  101  7:34  Pylon  
  101  7:35  Pylon  
  96  7:37  Probe, Psionic Storm  
  96  7:39  Assimilator  
  96  7:43  Assimilator  
  97  7:45  Gateway  
  97  7:46  Nexus, Zealot x2  
  97  7:48  Pylon  
  97  7:49  Gateway, Pylon  
  101  7:52  Probe x2, Gateway  
  101  7:56  Zealot, High Templar  
  107  8:02  Zealot x2  
  107  8:03  High Templar  
  111  8:09  Zealot x2  
  115  8:16  Probe  
  115  8:17  Probe  
  117  8:20  Pylon  
  117  8:22  High Templar  
  117  8:23  Probe  
  117  8:25  Photon Cannon  
  117  8:26  Gateway  
  120  8:27  Shield Battery  
  120  8:28  Probe  
  120  8:29  Stalker  
  123  8:40  Probe  
  121  8:43  Gateway, Cybernetics Core  
  121  8:46  Zealot x4  
  129  8:49  Probe  
  129  8:50  Probe  
  125  8:57  Zealot x3  
  119  9:11  Zealot x4  
  119  9:12  Probe  
  119  9:15  Gateway, Probe  
  119  9:23  Stalker  
  119  9:24  Stalker x2  
  108  9:30  Stalker  
  100  9:35  Zealot x3  
  104  9:41  Probe  
  104  9:43  Stalker x2  
  108  9:48  Phoenix  
  108  9:52  High Templar x3  
  116  9:53  Probe, High Templar  
  116  9:54  Probe  
  116  9:59  Forge  
  121  10:01  Probe (Chrono Boost)  
  121  10:02  Archon  
  121  10:04  Robotics Facility  
  122  10:07  Pylon  
  122  10:10  Probe (Chrono Boost), Assimilator  
  122  10:16  Zealot x3  
  122  10:20  Probe (Chrono Boost)  
  129  10:28  Probe (Chrono Boost)  
  124  10:30  Zealot x5  
  124  10:33  Stalker  
  133  10:35  Zealot  
  133  10:36  Probe  
  133  10:47  Archon  
  133  10:48  Stalker x2  
  133  10:49  Stalker  
  135  10:51  Warp Prism (Chrono Boost)  
  107  11:08  Zealot x3  
  107  11:09  Zealot x4  
  107  11:11  Probe  
  120  11:14  Archon  
  120  11:15  Zealot x3  
  110  11:19  Probe  
  101  11:31  High Templar  
  101  11:32  Robotics Bay, High Templar x6  
  115  11:34  Robotics Facility  
  115  11:35  Zealot x2, Archon  
  115  11:36  Archon x2  
Show
View Real Time Build Order
Export as new Build Order

ByuN Terran - Winner!

Build Orders: Cyclone Opening 

Get SALT Encoding   

  12  0:00  SCV  
  13  0:12  SCV  
  14  0:17  Supply Depot  
  14  0:24  SCV  
  15  0:38  SCV  
  15  0:40  Barracks  
  16  0:43  Refinery  
  16  0:50  SCV  
  16  0:52  Refinery  
  17  1:03  SCV  
  18  1:15  SCV  
  19  1:27  Reaper, Orbital Command  
  19  1:28  Supply Depot  
  20  1:40  Factory  
  20  1:53  SCV  
  21  1:59  Barracks Reactor  
  21  2:05  SCV  
  22  2:19  Command Center  
  22  2:20  SCV  
  23  2:28  Factory Tech Lab  
  23  2:33  SCV  
  23  2:36  Marine x2  
  26  2:42  Supply Depot  
  26  2:45  SCV  
  27  2:54  Cyclone  
  27  2:55  Reaper, Marine  
  31  3:04  SCV  
  32  3:07  Barracks  
  32  3:13  Marine  
  32  3:16  SCV  
  34  3:26  Cyclone  
  37  3:27  Marine  
  37  3:28  SCV  
  37  3:31  Marine  
  38  3:40  Orbital Command  
  37  3:45  Marine  
  37  3:47  SCV  
  39  3:50  Marine  
  40  3:56  Barracks  
  40  3:57  Barracks Tech Lab  
  40  4:02  SCV, Marine, Orbital Command  
  42  4:14  SCV  
  43  4:17  Factory Reactor  
  43  4:18  Marine, Starport  
  43  4:20  Stimpack  
  44  4:28  SCV x2  
  44  4:29  Marine x2  
  48  4:35  Supply Depot  
  48  4:39  Marine  
  48  4:40  SCV x2  
  52  4:47  Marine  
  52  4:50  Supply Depot  
  52  4:52  SCV x2  
  54  4:56  Engineering Bay  
  54  5:02  Marine x3  
  54  5:04  SCV x2  
  54  5:05  Marine  
  54  5:07  Combat Shield  
  60  5:12  Medivac x2  
  64  5:15  Factory Reactor  
  64  5:16  SCV  
  64  5:17  SCV  
  66  5:24  Marine x2  
  66  5:25  Supply Depot  
  66  5:27  Marauder  
  70  5:39  Missile Turret  
  70  5:42  Missile Turret  
  70  5:44  Supply Depot  
  70  5:47  SCV, Terran Infantry Weapons Level 1  
  70  5:48  Refinery, SCV  
  74  5:53  Marauder x2, Marine x2  
  78  6:00  SCV  
  78  6:02  SCV  
  78  6:21  Supply Depot  
  78  6:23  Marauder x2  
  78  6:25  Marine x2  
  82  6:26  Widow Mine  
  86  6:33  Widow Mine  
  86  6:35  Supply Depot  
  86  6:38  Concussive Shells  
  86  6:43  SCV  
  86  6:44  Marauder x2, Marine x2  
  91  6:47  Widow Mine  
  90  6:54  Command Center  
  90  6:57  SCV  
  91  7:03  Medivac  
  91  7:05  Marauder  
  91  7:06  Marauder  
  88  7:18  SCV x2, Marine x2, Barracks  
  88  7:20  Barracks  
  90  7:27  Marauder x2  
  90  7:28  Medivac  
  94  7:33  SCV  
  89  7:37  Marine x2  
  89  7:38  Medivac  
  89  7:40  SCV  
  89  7:41  Supply Depot  
  89  7:43  Refinery, Widow Mine x2  
  98  7:45  SCV  
  98  7:48  Marauder  
  101  7:53  SCV  
  101  7:55  Supply Depot  
  101  7:57  Supply Depot  
  102  8:02  SCV, Marine x2  
  102  8:03  Marauder  
  102  8:04  Widow Mine  
  102  8:05  SCV  
  110  8:06  Widow Mine  
  110  8:08  Missile Turret, Medivac x2  
  110  8:10  Marauder  
  119  8:14  SCV  
  119  8:15  Barracks Reactor, Barracks Tech Lab  
  119  8:19  Orbital Command  
  119  8:22  SCV  
  119  8:24  Marauder  
  119  8:25  Marine x2  
  119  8:27  SCV, Widow Mine x2  
  127  8:33  Supply Depot, Refinery  
  129  8:34  SCV  
  129  8:38  Marauder  
  129  8:39  SCV  
  133  8:44  SCV  
  133  8:46  SCV  
  135  8:50  Marauder x2  
  135  8:51  SCV, Marine  
  135  8:53  Marine  
  141  8:56  SCV  
  141  9:00  Supply Depot x2, Widow Mine  
  143  9:09  Ghost Academy  
  141  9:11  Supply Depot  
  141  9:15  Marauder x3  
  137  9:17  Marine x2  
  137  9:18  Marine x2  
  137  9:20  Widow Mine  
  132  9:26  Medivac x2  
  132  9:27  Widow Mine  
  130  9:36  Marauder  
  131  9:39  Marine x4  
  131  9:42  Ghost x2  
  137  9:49  Supply Depot  
  137  9:55  Widow Mine x2  
  137  9:57  Ghost  
  145  10:00  Enhanced Shockwaves  
  145  10:06  Medivac x2  
  147  10:15  Ghost  
  147  10:16  Command Center, Ghost  
  151  10:22  Marine x3  
  154  10:29  Ghost  
  150  10:44  Marauder  
  150  10:45  Marauder  
  150  10:48  Widow Mine x2  
  156  10:55  Marine x2  
  149  10:57  Medivac  
  149  10:59  Marauder  
  141  11:05  Ghost  
  141  11:06  Ghost  
  141  11:09  Widow Mine, Marine  
  141  11:10  Marine  
  145  11:13  Marine x2  
  143  11:20  Marauder  
  143  11:28  Armory  
  143  11:29  Engineering Bay  
  143  11:30  Barracks  
  143  11:31  Barracks  
  143  11:32  Barracks  
Tags
 
Add a new tag
Caveats
  • Supply blocks, unpowered buildings, or Contaminate may cause inaccurate times.
  • Supply counts are checked every 10 seconds.